 Seeded DCSS version 0.30.1-11-g7821555f0a (webtiles) character file.

Game seed: 430007637681659361 (custom seed)

41410 McKennaii the Destroyer (level 13, -3/86 HPs)
             Began as a Demigod Conjurer on Jan 13, 2024.
             Killed from afar by Azrael (34 damage)
             ... with a bolt of fire
             ... on level 15 of the Dungeon.
             The game lasted 00:29:39 (20906 turns).

McKennaii the Destroyer (Demigod Conjurer)         Turns: 20906, Time: 00:29:39

Health: -3/86      AC: 12    Str: 14    XL:     13   Next: 44%
Magic:  28/34      EV: 11    Int: 47    God:
Gold:   1624       SH: 10    Dex: 14    Spells: 21/36 levels left

rFire   . . .        L - staff of conjuration
rCold   x . .        I - +0 buckler {AC+3}
rNeg    + + .        O - +0 acid dragon scales
rPois   +            n - +1 hat of Conscience {rElec rC- Int+7 Stlth-}
rElec   +            H - +0 cloak {rPois}
rCorr   +            o - +0 pair of gloves
SInv    .            (no boots)
Will    +....        r - amulet "Darigg" {Reflect Dex+2 SH+5} Stlth
                     V - +6 ring of strength
HPRegen 0.34/turn    s - ring "Ripuevo" {Wiz rN++ Int+4 Stlth-}
MPRegen 0.24/turn

%: reflection, wizardry (x1)
@: silenced
A: high MP 1, forlorn, divine attributes
a: no special abilities


You were on level 15 of the Dungeon.
You visited 1 branch of the dungeon, and saw 15 of its levels.
You also visited: Ossuary.

You collected 1624 gold pieces.

Inventory:

Hand Weapons
 U - the +0 long sword of Nab Jim {flame, Str+2 Int+3}
   (You found it on level 9 of the Dungeon)

   Str:       It affects your strength (+2).
   Int:       It affects your intelligence (+3).
Missiles
 a - 3 throwing nets
Armour
 n - the +1 hat of Conscience (worn) {rElec rC- Int+7 Stlth-}
   (You acquired it on level 2 of the Dungeon)

   Int:       It affects your intelligence (+7).
   rC:        It makes you vulnerable to cold.
   rElec:     It insulates you from electricity.
   Stlth:     It makes you less stealthy.
 o - a +0 pair of gloves (worn)
 y - a +2 robe of cold resistance
 H - a +0 cloak of poison resistance (worn)
 I - a +0 buckler of protection (worn)
 O - +0 acid dragon scales (worn)
 P - the +0 shadow dragon scales "Majy" {rElec Regen+ Str+3 Dex+3 Stlth++++}
   (You found it on level 8 of the Dungeon)

   Str:       It affects your strength (+3).
   Dex:       It affects your dexterity (+3).
   rElec:     It insulates you from electricity.
   Regen:     It increases your rate of health regeneration.
   Stlth:     It makes you much more stealthy.
Magical Staves
 L - a staff of conjuration (weapon)
 Q - a staff of fire
Jewellery
 e - a ring of flight
 r - the amulet "Darigg" (around neck) {Reflect Dex+2 SH+5}
   (You acquired it on level 2 of the Dungeon)

   [amulet of reflection]

   It reflects blocked missile attacks.
   Dex:       It affects your dexterity (+2).
   SH:        It affects your SH (+5).
 s - the ring "Ripuevo" (right hand) {Wiz rN++ Int+4 Stlth-}
   (You acquired it on level 2 of the Dungeon)

   [ring of wizardry]

   It improves your spell success rate.
   Int:       It affects your intelligence (+4).
   rN:        It greatly protects you from negative energy.
   Stlth:     It makes you less stealthy.
 F - a ring of resist corrosion
 N - a +6 ring of dexterity
 V - a +6 ring of strength (left hand)
Wands
 k - a wand of paralysis (10)
 m - a wand of flame (83)
 S - a wand of iceblast (14)
 W - a wand of digging (4)
Scrolls
 c - 3 scrolls of fear
 f - 2 scrolls of brand weapon
 h - 3 scrolls of vulnerability
 p - 3 scrolls of amnesia
 t - 3 scrolls of blinking
 u - 2 scrolls of immolation
 v - 5 scrolls of teleportation
 B - 2 scrolls of poison
 E - a scroll of torment
 G - 2 scrolls of fog
 K - a scroll of enchant weapon {unknown}
 T - 2 scrolls of magic mapping {unknown}
 X - a scroll of summoning {unknown}
Potions
 b - 2 potions of magic
 g - a potion of flight
 i - 5 potions of ambrosia
 j - 14 potions of curing
 l - 3 potions of cancellation
 q - 2 potions of attraction
 w - 2 potions of heal wounds
 x - a potion of invisibility {unknown}
 z - 5 potions of might {unknown}
 A - 5 potions of degeneration {unknown}
 C - 2 potions of brilliance
 D - a potion of mutation {unknown}
 J - a potion of berserk rage {unknown}
 M - 3 potions of haste {unknown}
 R - 2 potions of resistance {unknown}


   Skills:
 - Level 1.7 Dodging
 - Level 1.7 Stealth
 - Level 4.0 Shields
 + Level 12.1 Spellcasting
 + Level 13.4 Conjurations
 * Level 12.2 Fire Magic


You had 21 spell levels left.
You knew the following spells:

 Your Spells              Type           Power      Damage    Failure   Level
a - Magic Dart            Conj           100%       1d8       0%          1
b - Searing Ray           Conj           100%       2d8       0%          2
c - Iskenderun's Mystic   Conj/Tloc      95%        2d18      1%          4
d - Stone Arrow           Conj/Erth      100%       3d13      1%          3
e - Fireball              Conj/Fire      61%        3d23      1%          5

Your spell library contained the following spells:

 Spells                   Type           Power      Damage    Failure   Level
 Apportation              Tloc           56%        N/A       1%          1
 Kiss of Death            Conj/Necr      100%       2d13      1%          1
 Necrotise                Necr           100%       1d9       1%          1
 Sandblast                Erth           56%        2d13      1%          1
 Slow                     Hex            100%       N/A       1%          1
 Summon Small Mammal      Summ           100%       N/A       1%          1
 Call Imp                 Summ           56%        N/A       1%          2
 Ensorcelled Hibernation  Hex/Ice        56%        N/A       1%          2
 Momentum Strike          Conj/Tloc      100%       3d10      1%          2
 Passwall                 Tmut/Erth      23%        N/A       1%          2
 Poisonous Vapours        Pois/Air       56%        N/A       1%          2
 Static Discharge         Conj/Air       100%       2-7/arc   1%          2
 Dazzling Flash           Conj/Hex       100%       N/A       1%          3
 Hailstorm                Conj/Ice       95%        3d19      1%          3
 Mephitic Cloud           Conj/Pois/Air  82%        N/A       1%          3
 Swiftness                Air            28%        N/A       1%          3
 Vampiric Draining        Necr           28%        2d8       1%          3
 Volatile Blastmotes      Fire/Tloc      100%       2d18      1%          3
 Fulminant Prism          Conj/Hex       47%        3d21      1%          4
 Arcjolt                  Conj/Air       47%        1d57      1%          5
 Iskenderun's Battlesphe  Conj           100%       2d15      1%          5
 Starburst                Conj/Fire      61%        6d16      1%          6
 Freezing Cloud           Conj/Ice/Air   41%        6-21      3%          5
 Iron Shot                Conj/Erth      47%        9d9       6%          6
 Animate Dead             Necr           28%        N/A       7%          4
 Ice Form                 Ice/Tmut       28%        N/A       7%          4
 Petrify                  Tmut/Erth      28%        N/A       7%          4
 Agony                    Necr           28%        N/A       19%         5
 Alistair's Intoxication  Tmut/Pois      18%        N/A       19%         5
 Borgnjor's Vile Clutch   Necr/Erth      14%        N/A       19%         5
 Lee's Rapid Deconstruct  Erth           14%        3d9*      19%         5
 Metabolic Englaciation   Hex/Ice        14%        N/A       19%         5
 Silence                  Hex/Air        14%        N/A       19%         5
 Spellforged Servitor     Conj/Summ      47%        N/A       32%         7
 Death Channel            Necr           14%        N/A       67%         6
 Simulacrum               Ice/Necr       14%        N/A       67%         6
 Statue Form              Tmut/Erth      18%        N/A       67%         6
 Fire Storm               Conj/Fire      61%        8d15      96%         9
 Haunt                    Necr/Summ      14%        N/A       99%         7
 Infestation              Necr           14%        N/A       100%        8
 Chain Lightning          Conj/Air       47%        3d63      100%        9


Dungeon Overview and Level Annotations

Branches:
Dungeon (15/15)            Temple (0/1) D:4            Lair (0/5) D:8
    Orc (0/2) D:11         Vaults (0/5) D:13        Ossuary (visited)
 Depths: D:15

Shops:
D:6 !

Annotations:
D:15 Azrael


Innate Abilities, Weirdness & Mutations

You have an increased reservoir of magic. (+10% MP)
You shall have no god before yourself.
Your divine heritage dramatically boosts your attributes as you level up.


Message History

The blast of flame hits you!! Azrael gestures at you.
The sphere of damnation explodes!
The damnation engulfs you!!
You hear a bark!
As you read the scroll of silence, it crumbles to dust.
A profound silence engulfs you.
The hell hound bites you but does no damage.
The hell hound attacks as you move away!
The hell hound barely misses you. The hell hound breathes flames at you.
The blast of flame hits you! Azrael gestures at you.
The sphere of damnation explodes!
The damnation engulfs you!
* * * LOW HITPOINT WARNING * * *
You feel much better. The hell hound barely misses you.
A hell hound comes into view.
Azrael gestures at you.
The bolt of fire misses the fire elemental.
The bolt of fire hits the hell hound.
The hell hound completely resists.
The bolt of fire hits you!
* * * LOW HITPOINT WARNING * * *
The hell hound completely misses you.
You feel much better. You block the hell hound's attack.
You block the hell hound's attack.
The hell hound attacks as you move away!
The hell hound bites you. The hell hound breathes flames at you.
The blast of flame misses you.
The hell hound attacks as you move away!
You block the hell hound's attack. The hell hound bites you.
The hell hound attacks as you move away!
The hell hound closely misses you. The hell hound breathes flames at you.
The blast of flame hits you! Azrael gestures at you.
The bolt of fire hits the fire elemental.
The fire elemental completely resists.
The bolt of fire hits the hell hound.
The hell hound completely resists.
The bolt of fire hits you!!
You die...

########## ### #........#
#... ########.######.# #..
#...........###.####### #.#
#.######..............###.#
####@###.#####.....# #.#
#.#####...#.## #h#
#............. #E#
#######...#.## #☼# #..##.#
#R# #..##.# #h# #..##.# #.#
#..##.## #.# #..##..<


You could see Azrael, a fire elemental and 2 hell hounds.

Vanquished Creatures
  An ettin (D:14)
  8 vault guards
  4 centaur warriors
  2 boulder beetles
  5 death yaks (D:8)
  2 tengu warriors
  4 two-headed ogres
  A skeletal warrior (D:8)
  3 deep elf pyromancers
  13 ugly things
  A cyclops (D:15)
  2 manticores
  Maurice (D:12)
  4 gargoyles
  3 kobold demonologists
  3 komodo dragons
  An efreet (D:14)
  A meliai (D:14)
  A tengu conjurer (D:15)
  5 trolls
  Prince Ribbit (D:7)
  A dream sheep (D:10)
  13 slime creatures
  19 yaks
  4 shadows
  A wyvern (D:7)
  2 steam dragons
  8 vampire mosquitoes
  Menkaure (D:6)
  4 acid dragons
  4 water moccasins
  Duvessa (D:4)
  A hell hound (D:15)
  An ice beast (D:7)
  2 hornet zombies (Ossuary)
  4 sky beasts
  An ogre (D:5)
  2 orc warriors
  8 centaurs
  3 kobold brigands
  Blork the orc (D:6)
  7 bullfrogs
  A water moccasin zombie (Ossuary)
  14 wights
  Dowan (D:4)
  5 howler monkeys
  3 centaur zombies (Ossuary)
  7 bullfrog zombies (Ossuary)
  A jelly (D:7)
  6 orc priests
  4 hounds
  Crazy Yiuf (D:5)
  2 gnoll boudas
  13 mummies (Ossuary)
  Terence (D:2)
  3 iguanas
  3 sleepcaps
  11 orc wizards
  3 killer bee zombies (Ossuary)
  A howler monkey zombie (Ossuary)
  Robin (D:4)
  12 gnolls
  8 adders
  2 white imps
  An ufetubus (D:5)
  3 worms
  4 dart slugs
  32 orcs
  6 endoplasms
  8 giant cockroaches
  15 goblins
  13 hobgoblins
  5 jackals
  5 quokkas
  12 ball pythons
  10 bats
  A frilled lizard (D:1)
  18 kobolds
  5 rats
395 creatures vanquished.

Notes
Turn   | Place    | Note
-------+----------+-------------------------------------------
     0 | D:1      | McKennaii the Demigod Conjurer began the quest for the Orb.
     0 | D:1      | Reached XP level 1. HP: 14/14 MP: 5/5
   283 | D:1      | Reached XP level 2. HP: 18/20 MP: 0/7
   381 | D:1      | Learned a level 2 spell: Searing Ray
   572 | D:1      | Reached skill level 4 in Conjurations
  1075 | D:2      | Noticed Terence
  1087 | D:2      | Killed Terence
  1088 | D:2      | Reached XP level 3. HP: 17/26 MP: 1/9
  1354 | D:2      | Reached XP level 4. HP: 33/33 MP: 2/11
  1720 | D:2      | Identified 4 scrolls of acquirement
  1720 | D:2      | Acquired 568 gold pieces
  1721 | D:2      | Acquired the +1 hat of Conscience {rElec rC- Int+7 Stlth-}
  1722 | D:2      | Acquired the ring "Ripuevo" {Wiz rN++ Int+4 Stlth-}
  1723 | D:2      | Acquired the amulet "Darigg" {Reflect Dex+2 SH+5}
  1747 | D:2      | Learned a level 4 spell: Iskenderun's Mystic Blast
  2205 | D:3      | Reached XP level 5. HP: 38/38 MP: 11/13
  2209 | D:3      | Learned a level 3 spell: Stone Arrow
  2252 | D:3      | Reached skill level 5 in Conjurations
  3590 | D:4      | Found a staircase to the Ecumenical Temple.
  3660 | D:4      | Got the Tome of Luminous Command
  3676 | D:4      | Noticed Robin
  3682 | D:4      | Killed Robin
  3969 | D:4      | Noticed Dowan
  3972 | D:4      | Noticed Duvessa
  3984 | D:4      | Killed Duvessa
  3984 | D:4      | Killed Dowan
  3985 | D:4      | Reached XP level 6. HP: 33/45 MP: 3/16
  4273 | D:4      | Reached skill level 6 in Conjurations
  4824 | D:5      | Entered Level 5 of the Dungeon
  4830 | D:5      | Reached skill level 5 in Spellcasting
  4830 | D:5      | Reached XP level 7. HP: 40/50 MP: 10/18
  5364 | D:5      | Noticed a shadow
  5473 | D:5      | Killed a shadow
  5474 | D:5      | Reached skill level 7 in Conjurations
  5600 | D:5      | Found a runed translucent door.
  5601 | D:5      | Noticed Crazy Yiuf
  5862 | D:5      | Noticed a steam dragon
  5866 | D:5      | Killed a steam dragon
  5867 | D:5      | Reached XP level 8. HP: 57/57 MP: 10/20
  6311 | D:5      | Killed Crazy Yiuf
  6406 | D:6      | Found Ybrut's Distillery.
  6563 | D:6      | Reached skill level 8 in Conjurations
  6563 | D:6      | Noticed Blork the orc
  6574 | D:6      | Killed Blork the orc
  7118 | D:6      | Noticed Menkaure
  7120 | D:6      | Killed Menkaure
  7415 | D:6      | Reached XP level 9. HP: 58/62 MP: 1/24
  7661 | D:7      | Noticed Prince Ribbit
  7663 | D:7      | Killed Prince Ribbit
  7664 | D:7      | Reached skill level 9 in Conjurations
  8347 | D:7      | Reached skill level 10 in Conjurations
  8983 | D:7      | Acquired a staff of conjuration
  9044 | D:8      | Found a sand-covered staircase.
  9049 | Ossuary  | Entered an ossuary
  9757 | Ossuary  | Reached XP level 10. HP: 69/69 MP: 23/27
  9967 | D:8      | Acquired the Compilation of the Impact
  9975 | D:8      | Learned a level 5 spell: Fireball
 10194 | D:8      | Reached skill level 1 in Fire Magic
 10244 | D:8      | Noticed a death yak
 10245 | D:8      | Noticed a death yak
 10245 | D:8      | Noticed a death yak
 10254 | D:8      | Killed a death yak
 10255 | D:8      | Reached skill level 1 in Shields
 10257 | D:8      | Killed a death yak
 10258 | D:8      | Killed a death yak
 10258 | D:8      | Noticed a death yak
 10266 | D:8      | Noticed a death yak
 10457 | D:8      | Killed a death yak
 10463 | D:8      | Killed a death yak
 10464 | D:8      | Reached skill level 11 in Conjurations
 10656 | D:8      | Found a staircase to the Lair.
 11563 | D:8      | Noticed a centaur warrior
 11564 | D:8      | Noticed a skeletal warrior
 11565 | D:8      | Killed a centaur warrior
 11566 | D:8      | Reached skill level 5 in Fire Magic
 11566 | D:8      | Reached XP level 11. HP: 60/74 MP: 18/29
 11597 | D:8      | Killed a skeletal warrior
 11746 | D:8      | Reached skill level 10 in Spellcasting
 12058 | D:8      | Got the Incunable of the Coarse Evil Eye
 12059 | D:8      | Identified the +0 shadow dragon scales "Majy" {rElec Regen+
                  | Str+3 Dex+3 Stlth++++}
 12066 | D:8      | Got the Almanac of Doom and the Volley
 13636 | D:10     | Entered Level 10 of the Dungeon
 13770 | D:10     | Noticed a two-headed ogre
 13772 | D:10     | Killed a two-headed ogre
 13986 | D:9      | Noticed a two-headed ogre
 13988 | D:9      | Noticed a deep elf pyromancer
 13992 | D:9      | Killed a two-headed ogre
 14078 | D:9      | Noticed a two-headed ogre
 14209 | D:9      | Killed a two-headed ogre
 14211 | D:9      | Killed a deep elf pyromancer
 14301 | D:9      | Identified the +0 long sword of Nab Jim {flame, Str+2
                  | Int+3}
 14721 | D:10     | Reached skill level 12 in Conjurations
 15036 | D:11     | Reached XP level 12. HP: 59/81 MP: 6/31
 15202 | D:11     | Noticed a boulder beetle
 15246 | D:11     | Killed a boulder beetle
 15528 | D:11     | Found a staircase to the Orcish Mines.
 16009 | D:11     | Identified the +5 great mace "Spiderslayer" {venom, rPois
                  | Str+2}
 16107 | D:11     | You fall into a shaft and drop 1 floor!
 16467 | D:12     | Noticed Maurice
 16470 | D:12     | Killed Maurice
 17608 | D:13     | Noticed a centaur warrior
 17611 | D:13     | Killed a centaur warrior
 17616 | D:13     | Noticed a boulder beetle
 17708 | D:13     | Reached skill level 10 in Fire Magic
 17878 | D:13     | Killed a boulder beetle
 18564 | D:13     | Found a gate to the Vaults.
 18564 | D:13     | Noticed a vault guard
 18564 | D:13     | Noticed a vault guard
 18564 | D:13     | Noticed a vault guard
 18564 | D:13     | Noticed a vault guard
 18564 | D:13     | Noticed a vault guard
 18565 | D:13     | Noticed a vault guard
 18566 | D:13     | Noticed a vault guard
 18567 | D:13     | Killed a vault guard
 18567 | D:13     | Noticed a vault guard
 18590 | D:12     | Killed a vault guard
 18767 | D:13     | Killed a vault guard
 18807 | D:13     | Killed a vault guard
 18847 | D:13     | Killed a vault guard
 18964 | D:13     | Killed a vault guard
 18979 | D:13     | Killed a vault guard
 18980 | D:13     | Reached XP level 13. HP: 86/86 MP: 4/33
 19151 | D:13     | Reached skill level 13 in Conjurations
 19422 | D:13     | Identified the +0 cloak of the Volcano {rElec Dex+4 Slay-3}
 20305 | D:14     | Noticed a tengu reaver
 20714 | D:15     | Entered Level 15 of the Dungeon
 20892 | D:15     | Noticed Azrael
 20906 | D:15     | Killed from afar by Azrael

Illustrated notes

Levels and vault maps discovered:
D:1:      wander_arrival_chamber, layout_basic, kennysheep_boxes
D:2:      layout_rooms, dilly_ecumenical_altar_fadedgnrine, basic_altar,
          uniq_terence
D:3:      layout_basic, mainiacjoe_overflow_swirl, jmf_multi_god_temple,
          minmay_puff
D:4:      layout_loops_corners, minmay_temple_entry_junction_2,
          minmay_joined_circles, uniq_robin, uniq_duvessa
D:5:      layout_layer_cave, uniq_crazy_yiuf_cottage
D:6:      layout_rooms, mainiacjoe_overflow_catwalk, serial_shops,
          nicolae_shop_statue_plus, serial_park_tiny_1, uniq_blork_the_orc,
          uniq_menkaure
D:7:      layout_loops_cross, mainiacjoe_overflow_surrounded_room,
          mainiacjoe_overflow_alcove_4, uniq_prince_ribbit1
D:8:      minmay_the_grid_triangle_9x9_rhombus_full
          [minmay_the_grid_triangle_9x9_zippers_horizontal,
          minmay_the_grid_triangle_9x9_descending_squares,
          minmay_the_grid_triangle_9x9_wacky_v,
          minmay_the_grid_triangle_9x9_corruption,
          minmay_the_grid_triangle_9x9_negative_grid,
          minmay_the_grid_triangle_9x9_zippers_vertical,
          minmay_the_grid_triangle_9x9_limited_checkers,
          minmay_the_grid_triangle_9x9_prize_insulated], layout_loops_corners,
          dpeg_lair_monsters, enter_ossuary_2
D:9:      cheibrodos_elevator_heist, layout_basic
D:10:     layout_roguey, mainiacjoe_overflow_alcove_1,
          mainiacjoe_overflow_24_doors, dreamdust_gnoll_shepherd
D:11:     layout_long_grid, orc_david_3
D:12:     layout_irregular_city, uniq_maurice
D:13:     layout_long_grid, erik_vaults_2
D:14:     layout_loops_cross, evilmike_ruin_ashenzari, hangedman_corner_corridor
D:15:     hangedman_depths_entry_try_elsewhere_first, layout_loops_ring,
          minivault_14, uniq_azrael

Skill      XL: |  1  2  3  4  5  6  7  8  9 10 11 12 13 |
---------------+----------------------------------------+-----
Spellcasting   | 2 3 4 5 6 7 9 10 11 12 | 12.1
Conjurations   | 4 5 6 7 8 10 11 12 13 | 13.4
Fire Magic     | 5 8 11 12 | 12.2
Shields        | 3 4 |  4.0
Dodging        | |  1.7
Stealth        | |  1.7

Action                     |  1- 3 |  4- 6 |  7- 9 | 10-12 | 13-15 || total
---------------------------+-------+-------+-------+-------+-------++-------
  Melee: Unarmed           |     3 |       |       |       |       ||     3
         War axe           |     6 |    27 |    11 |       |       ||    44
         Punch             |       |     2 |       |       |       ||     2
         Staff             |       |       |    66 |    22 |       ||    88
   Cast: Magic Dart        |    70 |   142 |       |       |       ||   212
         Searing Ray       |     1 |    19 |     1 |     5 |       ||    26
         Stone Arrow       |       |       |   153 |   145 |    15 ||   313
         Iskenderun's Myst |       |       |     6 |    29 |    14 ||    49
         Fireball          |       |       |       |    99 |    23 ||   122
    Use: Scroll            |       |     4 |     1 |    17 |     7 ||    29
         Potion            |       |       |       |       |     2 ||     2
 Armour: Robe              |     4 |    26 |       |       |       ||    30
         Steam dragon scal |       |       |    43 |    13 |       ||    56
         Acid dragon scale |       |       |       |     5 |     5 ||    10
  Dodge: Dodged            |    15 |    52 |    55 |    22 |     8 ||   152
  Block: Other             |       |    18 |     2 |       |       ||    20
         Reflection        |       |     2 |     8 |     2 |     4 ||    16
         Buckler           |       |       |    59 |    36 |     9 ||   104
